 Dungeon Crawl Stone Soup version 0.25-a0-697-g890751e744 (webtiles) character file.

Game seed: 9387741646060119705, levelgen mode: deterministic

206726 Armakuni the Bludgeoner (level 19, -6/155 HPs)
             Began as a Human Wanderer on Mar 30, 2020.
             Was a Believer of Elyvilon.
             Engulfed by a cloud of flame (8 damage)
             ... on level 2 of the Elven Halls on Mar 31, 2020.
             The game lasted 02:20:15 (29879 turns).

Armakuni the Bludgeoner (Human Wanderer)           Turns: 29879, Time: 02:20:16

Health: -6/155     AC: 36    Str: 29    XL:     19   Next: 44%
Magic:  24/27      EV: 18    Int: 13    God:    Elyvilon [**....]
Gold:   528        SH:  0    Dex: 17    Spells: 17/22 levels left

rFire    . . .     SeeInvis .   a - +10 great mace of Instant Death {protect, rN+}
rCold    . . .     Gourm    .   (shield currently unavailable)
rNeg     + + .     Faith    .   H - +3 chain mail of Eternal Vigilance {Str+10 Dex+3}
rPois    .         Spirit   .   j - +1 helmet
rElec    +         Reflect  .   l - scarf {repulsion}
rCorr    +         Harm     .   k - +1 pair of gloves of the Elephant {rElec}
MR       ++++.     Clarity  +   (no boots)
Stlth    ..........             U - amulet of the Four Winds {rN+ MR+++ Clar}
HPRegen  0.35/turn              K - ring of resist corrosion
MPRegen  0.20/turn              A - ring of Robustness {AC+8}

@: protection aura, repel missiles
A: no striking features
}: 1/15 runes: serpentine
a: Lesser Healing, Heal Other, Divine Protection, Renounce Religion


You were on level 2 of the Elven Halls.
You worshipped Elyvilon.
Elyvilon was pleased with you.
You were not hungry.

You visited 8 branches of the dungeon, and saw 33 of its levels.
You also visited: Gauntlet.

You collected 4370 gold pieces.
You spent 3842 gold pieces at shops.

Inventory:

Hand Weapons
 a - the +10 great mace of Instant Death (weapon) {protect, rN+}
   (You bought it in a shop on level 2 of the Orcish Mines)

   It grants its wielder temporary protection when it strikes (+7 to AC).
   It protects you from negative energy.
 b - a +8 hand crossbow of flaming
 c - a +2 dire flail of venom
 e - a +0 eveningstar of freezing
Missiles
 t - 251 bolts
Armour
 j - a +1 helmet (worn)
 k - the +1 pair of gloves of the Elephant (worn) {rElec}
   (You found it in a Gauntlet)

   It insulates you from electricity.
 l - a scarf of repulsion (worn)
 p - a +5 kite shield of reflection
 w - a +0 cloak of poison resistance
 y - a +0 buckler
 H - the +3 chain mail of Eternal Vigilance (worn) {Str+10 Dex+3}
   (You bought it in a shop on level 11 of the Dungeon)

   It affects your strength (+10).
   It affects your dexterity (+3).
Jewellery
 A - the ring of Robustness (right hand) {AC+8}
   (You found it in a Gauntlet)

   [ring of protection]

   It affects your AC (+8).
 K - a ring of resist corrosion (left hand)
 U - the amulet of the Four Winds (around neck) {rN+ MR+++ Clar}
   (You found it on level 13 of the Dungeon)

   [amulet of nothing]

   It protects you from negative energy.
   It affects your resistance to hostile enchantments.
   It protects you against confusion.
Wands
 n - a wand of digging (7)
 v - a wand of paralysis (1)
Scrolls
 m - 13 scrolls of teleportation
 o - 7 scrolls of remove curse
 r - 5 scrolls of enchant armour
 x - 9 scrolls of fog
 B - 3 scrolls of identify
 C - a scroll of silence
 G - 3 scrolls of fear
 J - 2 scrolls of immolation
 L - 3 scrolls of amnesia
 P - a scroll of blinking
Potions
 d - 7 potions of lignification
 g - 3 potions of ambrosia
 h - 5 potions of mutation
 i - 7 potions of stabbing
 q - 3 potions of magic
 s - 10 potions of curing
 u - 4 potions of flight
 z - 2 potions of might
 D - a potion of invisibility
 E - 6 potions of heal wounds
 M - 4 potions of resistance
 N - 2 potions of haste
 O - a potion of cancellation
 T - 2 potions of brilliance
Miscellaneous
 F - a phial of floods
Comestibles
 I - 33 rations


   Skills:
 - Level 15.0 Fighting
 - Level 20.0 Maces & Flails
 - Level 10.0 Crossbows
 - Level 14.1 Armour
 - Level 13.3 Dodging
 - Level 1.0 Stealth
 - Level 1.0 Shields
 - Level 2.0 Spellcasting
   Level 1.0 Transmutations
 + Level 11.5 Invocations
 - Level 4.1 Evocations


You had 17 spell levels left.
You knew the following spells:

 Your Spells              Type           Power        Failure   Level  Hunger
p - Summon Butterflies    Summ           #.......     65%         1    ##.....
z - Apportation           Tloc           #.....       65%         1    ##.....
P - Portal Projectile     Hex/Tloc       #.....       95%         3    ####...

Your spell library contained the following spells:

 Spells                   Type           Power        Failure   Level  Hunger
 Beastly Appendage        Tmut           #.....       50%         1    ##.....
 Sting                    Tmut/Pois      #...         56%         1    ##.....
 Corona                   Hex            #......      65%         1    ##.....
 Pain                     Necr           #...         65%         1    ##.....
 Corpse Rot               Necr/Air       N/A          78%         2    ###....
 Ensorcelled Hibernation  Hex/Ice        #.....       78%         2    ###....
 Sublimation of Blood     Necr           #.........   78%         2    ###....
 Swiftness                Chrm/Air       #.......     78%         2    ###....
 Call Canine Familiar     Summ           #.......     95%         3    ####...
 Confusing Touch          Hex            #.......     95%         3    ####...
 Conjure Flame            Conj/Fire      #.......     95%         3    ####...
 Dazzling Flash           Conj/Hex       #.....       95%         3    ####...
 Gell's Gravitas          Tloc           #.........   95%         3    ####...
 Lesser Beckoning         Tloc           #.........   95%         3    ####...
 Ozocubu's Armour         Chrm/Ice       #.......     95%         3    ####...
 Stone Arrow              Conj/Erth      #.....       95%         3    ####...
 Summon Guardian Golem    Hex/Summ       #.......     95%         3    ####...
 Tukima's Dance           Hex            #.......     95%         3    ####...
 Animate Dead             Necr           N/A          100%        4    #####..
 Dispel Undead            Necr           #.......     100%        4    #####..
 Fulminant Prism          Conj/Hex       #.........   100%        4    #####..
 Leda's Liquefaction      Hex/Erth       #.........   100%        4    #####..
 Summon Lightning Spire   Summ/Air       #.......     100%        4    #####..
 Agony                    Necr           #.......     100%        5    ######.
 Alistair's Intoxication  Tmut/Pois      #.......     100%        5    ######.
 Bolt of Magma            Conj/Fire/Erth #.........   100%        5    ######.
 Excruciating Wounds      Chrm/Necr      #.........   100%        5    ######.
 Iskenderun's Battlesphe  Conj/Chrm      #.......     100%        5    ######.
 Silence                  Hex/Air        #.........   100%        5    ######.
 Summon Forest            Summ/Tloc      #.........   100%        5    ######.
 Conjure Ball Lightning   Conj/Air       #.........   100%        6    #######
 Death Channel            Necr           #.........   100%        6    #######
 Deflect Missiles         Chrm/Air       #.........   100%        6    #######
 Hydra Form               Tmut           #.........   100%        6    #######
 Invisibility             Hex            #.......     100%        6    #######
 Iron Shot                Conj/Erth      #.........   100%        6    #######
 Simulacrum               Ice/Necr       #.........   100%        6    #######
 Statue Form              Tmut/Erth      #........    100%        6    #######
 Haunt                    Necr/Summ      #.........   100%        7    #######
 Orb of Destruction       Conj           #.........   100%        7    #######
 Spellforged Servitor     Conj/Summ      #.........   100%        7    #######
 Borgnjor's Revivificati  Necr           #.........   100%        8    #######
 Death's Door             Chrm/Necr      #.........   100%        8    #######
 Disjunction              Tloc           #.........   100%        8    #######
 Infestation              Necr           #.........   100%        8    #######
 Necromutation            Tmut/Necr      #.........   100%        8    #######
 Shatter                  Erth           #.........   100%        9    #######
 Tornado                  Air            #.........   100%        9    #######


Dungeon Overview and Level Annotations

Branches:
Dungeon (15/15)            Temple (1/1) D:4            Lair (6/6) D:9
 Shoals (2/4) Lair:3        Snake (4/4) Lair:3        Slime (0/5) Lair:6
    Orc (2/2) D:12            Elf (2/3) Orc:2        Vaults (0/5) D:14
 Depths (1/5) D:15        Gauntlet (visited)

Altars:
Ashenzari
Cheibriados
Dithmenos
Elyvilon
Fedhas
Gozag
Hepliaklqana
Kikubaaqudgha
Makhleb
Nemelex Xobeh
Okawaru
Qazlal
Ru
Sif Muna
Trog
Uskayaw
Vehumet
Wu Jian
Xom
Yredelemnul
Zin
The Shining One
Beogh

Shops:
D:2 *   D:7 :(   D:8 *   D:11 [   Orc:2 [(=*   Elf:1 [   Shoals:1 =   Snake:1 !
Snake:2 :   Snake:3 }*%}   Snake:4 }

Portals:
Hell: Lair:6


Message History

The fiery explosion engulfs the hell rat!!
You kill the hell rat!
The hell rat's corpse disappears in a puff of smoke!
The fiery explosion engulfs the battlesphere!
The battlesphere resists.
You destroy the battlesphere!
The fiery explosion engulfs the jumping spider!!!
You kill the jumping spider!
The jumping spider's corpse disappears in a puff of smoke!
The fiery explosion engulfs you!
* * * LOW HITPOINT WARNING * * *
The hell rat disappears in a puff of smoke!
The fiery explosion engulfs you!
* * * LOW HITPOINT WARNING * * *
You feel a bit more experienced.
The fiery explosion engulfs the redback!!!
You kill the redback!
The redback's corpse disappears in a puff of smoke!
You are engulfed in blazing flames.
You die...

#.# #.# #.# #.#
.> #.# #... #e#
#....####§#
.....§§§§@#####
...§.e§.§§§§r.#
...(.§§§#####.#
.....##e# #....
#.# .... #.#
.## #># #.# #.


You could see 2 deep elf archers, a deep elf mage (inner flame) and a hell rat.

Vanquished Creatures
  Rupert (Snake:1)
  Frances (D:13)
  The ghost of Miuwk the Impaler, an adept MfIE of Makhleb (Snake:3)
  Donald (Elf:1)
  Roxanne (Snake:1)
  9 nagarajas
  2 deep elf sorcerers
  4 orc warlords
  Aizul (Lair:3)
  Azrael (Elf:1)
  A minotaur (Gauntlet)
  2 merfolk javelineers (Shoals:1)
  An ogre mage (D:13)
  A vault guard (D:14)
  5 centaur warriors
  8 hydras
  7 naga warriors
  21 anacondas
  Erica (Orc:1)
  A merfolk aquamancer (Shoals:1)
  9 two-headed ogres
  2 tengu warriors
  A death yak (Lair:2)
  An orc high priest (Orc:2)
  13 naga sharpshooters
  5 dancing weapons
  A sun demon (Lair:6)
  8 deep elf knights
  10 shock serpents
  2 skeletal warriors (D:15)
  12 sea snakes
  5 salamander mystics (Snake:4)
  An unseen horror (D:11)
  4 naga ritualists
  A wizard (Lair:6)
  A flayed ghost (D:15)
  21 deep elf magi
  A necromancer (D:15)
  A deep elf archer (Elf:1)
  6 lindwurms
  6 mana vipers
  4 orc knights
  A wolf spider (Lair:5)
  10 ugly things
  An oklob plant (Lair:6)
  8 orc sorcerers
  5 manticores
  2 salamanders
  4 cyclopes
  5 elephants
  A stone giant zombie (D:15)
  6 guardian serpents
  A fire giant skeleton (D:15)
  41 black mambas
  8 spiny frogs
  18 naga magi
  A torpor snail (Lair:3)
  2 gargoyles
  An orange demon (Lair:6)
  A yaktaur (D:15)
  An efreet (D:12)
  A minotaur zombie (Gauntlet)
  A yaktaur zombie (D:15)
  A tengu conjurer (D:15)
  An ice devil (Lair:6)
  6 rime drakes
  5 komodo dragons
  2 kobold demonologists (D:14)
  6 merfolk (Shoals:1)
  8 trolls
  A red devil (Lair:6)
  3 meliai (D:15)
  5 blink frogs (Lair:6)
  2 hornets
  6 slime creatures
  12 hippogriffs
  8 dream sheep
  A hippogriff (shapeshifter) (Elf:1)
  3 snapping turtles
  A centaur simulacrum (D:14)
  4 water elementals (Shoals:1)
  2 air elementals (Elf:1)
  A shadow (D:15)
  A vampire (D:11)
  3 fire elementals (Elf:1)
  3 wyverns
  18 yaks
  4 hungry ghosts
  Grum (D:8)
  A basilisk (Lair:5)
  3 vampire mosquitoes (D:13)
  Menkaure (D:4)
  4 wargs
  Edmund (D:4)
  26 nagas
  6 hell hounds
  12 water moccasins
  A tengu zombie (D:15)
  8 porcupines
  A black bear (D:8)
  2 sky beasts
  4 phantoms
  4 necrophages (D:7)
  11 ogres
  37 orc warriors
  A boggart (Gauntlet)
  12 wolves
  19 centaurs
  14 crocodiles
  16 bullfrogs
  3 big kobolds
  A water moccasin skeleton (D:9)
  5 scorpions
  8 killer bees
  6 wights
  11 electric eels
  4 howler monkeys
  2 bullfrog zombies
  4 crimson imps
  11 centaur zombies
  4 centaur skeletons
  4 hounds
  3 quasits
  26 orc priests
  Crazy Yiuf (D:5)
  10 jellies
  23 orc wizards
  3 iguanas
  8 worker ants
  A killer bee zombie (D:6)
  3 hound zombies
  3 hound skeletons
  A mummy (D:7)
  A howler monkey zombie (D:8)
  A worker ant zombie (D:7)
  A howler monkey skeleton (D:7)
  4 gnolls (D:4)
  19 adders
  9 oozes
  4 worms
  2 dart slugs
  6 leopard geckos
  99 orcs
  3 giant cockroaches
  5 goblins
  10 hobgoblins
  19 jackals
  4 quokkas
  7 bats
  3 frilled lizards
  13 kobolds
  A quokka zombie (D:7)
  7 rats
  A fungus (Lair:6)
  4 plants
964 creatures vanquished.

Vanquished Creatures (collateral kills)
  Nikola (Shoals:1)
  A manticore (Shoals:1)
  An orange demon (Lair:6)
  A smoke demon (Lair:6)
  A naga (Snake:2)
  A hell hound (Lair:6)
6 creatures vanquished.

Vanquished Creatures (others)
  3 death yaks (Lair:2)
  2 lindwurms (Lair:5)
  A wizard (D:3)
  3 ugly things (D:12)
  An orc knight (Orc:2)
  2 naga magi (Snake:4)
  A spiny frog (Lair:2)
  2 ice devils (Lair:6)
  A hornet (Lair:5)
  A dream sheep (Lair:5)
  A hippogriff (D:12)
  A wyvern (Lair:6)
  2 orc warriors
  A necrophage (D:7)
  A centaur (D:12)
  A crocodile (Lair:6)
  2 killer bees (D:7)
  A wight (D:7)
  2 orc priests
  An adder (Lair:5)
  5 orcs (Orc:2)
  5 fungi
  4 plants
  3 withered plants (D:15)
47 creatures vanquished.

Grand Total: 1017 creatures vanquished

Notes
Turn   | Place    | Note
-------+----------+-------------------------------------------
     0 | D:1      | Armakuni the Human Wanderer began the quest for the Orb.
     0 | D:1      | Armakuni set off with the following items: a +2 hand
                  | crossbow, 25 bolts, a +0 shortbow, 29 arrows, a +0 robe, a
                  | ration; and the following spell memorised: Corona; and the
                  | following spells available to memorise: Summon Guardian
                  | Golem
     0 | D:1      | Reached XP level 1. HP: 18/18 MP: 3/3
   133 | D:1      | Reached XP level 2. HP: 21/24 MP: 5/5
   575 | D:1      | Reached XP level 3. HP: 29/29 MP: 6/6
  1381 | D:2      | Found an opulent altar of Gozag,
  1386 | D:2      | Found Gozag's Platinum Reserve,
  1410 | D:2      | Reached XP level 4. HP: 29/35 MP: 7/7
  1744 | D:2      | Found a faded altar of an unknown god,
  1789 | D:2      | Reached XP level 5. HP: 41/41 MP: 8/8
  1851 | D:2      | Found a burning altar of Makhleb,
  1853 | D:2      | Noticed a balrug
  1857 | D:2      | Noticed a neqoxec
  1857 | D:2      | Noticed a hellwing
  2099 | D:3      | Found a shadowy altar of Dithmenos,
  2250 | D:3      | Found a bloodstained altar of Trog,
  2598 | D:3      | Noticed a wizard
  2601 | D:3      | Killed a wizard
  3022 | D:4      | Reached XP level 6. HP: 42/48 MP: 9/9
  3030 | D:4      | Noticed Menkaure
  3071 | D:4      | Found a staircase to the Ecumenical Temple,
  3111 | Temple   | Entered the Ecumenical Temple
  3319 | Temple   | Became a worshipper of Elyvilon the Healer
  3448 | D:4      | Reached skill level 5 in Crossbows
  3452 | D:4      | Killed Menkaure
  3452 | D:4      | Reached skill level 5 in Fighting
  3452 | D:4      | Reached XP level 7. HP: 29/56 MP: 10/10
  3787 | D:4      | Noticed Edmund
  3804 | D:4      | Killed Edmund
  4269 | D:4      | Reached * piety under Elyvilon
  4326 | D:4      | Reached XP level 8. HP: 54/63 MP: 11/11
  4485 | D:5      | Entered Level 5 of the Dungeon
  4613 | D:5      | Found a runed translucent door,
  4614 | D:5      | Noticed Crazy Yiuf
  4641 | D:5      | Killed Crazy Yiuf
  4641 | D:5      | Reached skill level 5 in Armour
  4936 | D:5      | Found a shattered altar of Ashenzari,
  5009 | D:5      | Reached skill level 1 in Evocations
  5485 | D:6      | Reached XP level 9. HP: 37/68 MP: 12/12
  5593 | D:6      | Reached skill level 1 in Dodging
  6164 | D:7      | Found Recwouwn's Antique Weapon Shop,
  6172 | D:7      | Bought a twisted war axe for 289 gold pieces
  6172 | D:7      | Identified the +5 war axe "Fucukits" {vorpal, rC+ Str-5
                  | Dex+4} (You bought it in a shop on level 7 of the Dungeon)
  6236 | D:7      | Reached skill level 5 in Dodging
  6499 | D:7      | Found a basalt altar of Yredelemnul,
  6532 | D:7      | Reached XP level 10. HP: 35/75 MP: 13/13
  6629 | D:7      | Reached ** piety under Elyvilon
  6656 | D:7      | Found Siorom's Book Shop,
  6742 | D:7      | Reached skill level 5 in Invocations
  7068 | D:8      | Found Huuf's General Store,
  7277 | D:8      | Reached *** piety under Elyvilon
  7318 | D:8      | Found a shimmering blue altar of Sif Muna,
  7350 | D:8      | Noticed Grum
  7373 | D:8      | Killed Grum
  7744 | D:9      | Found a radiant altar of Vehumet,
  7890 | D:9      | Noticed a two-headed ogre
  7904 | D:9      | Killed a two-headed ogre
  7904 | D:9      | Reached XP level 11. HP: 75/80 MP: 8/16
  7999 | D:9      | Reached skill level 10 in Crossbows
  8131 | D:9      | Found a staircase to the Lair,
  8289 | D:9      | Found a stormy altar of Qazlal,
  8329 | D:10     | Entered Level 10 of the Dungeon
  8517 | D:10     | Reached **** piety under Elyvilon
  9381 | D:11     | Identified a scroll of acquirement
  9381 | D:11     | Identified the +1 buckler "Biekol" {MR- Int+3 Dex+7} (You
                  | acquired it on level 11 of the Dungeon)
  9487 | D:11     | Killed an unseen horror
  9487 | D:11     | Reached skill level 10 in Invocations
  9610 | D:11     | Found Juirr's Armour Emporium,
  9622 | D:11     | Bought the +3 chain mail of Eternal Vigilance {Str+10
                  | Dex+3} for 860 gold pieces
  9732 | D:11     | Reached skill level 1 in Maces & Flails
  9920 | D:11     | Noticed a five-headed hydra
  9931 | D:11     | Killed a five-headed hydra
  9931 | D:11     | Reached skill level 2 in Maces & Flails
 10015 | D:11     | Reached ***** piety under Elyvilon
 10207 | D:11     | Reached skill level 3 in Maces & Flails
 10335 | D:12     | Noticed a brown ugly thing
 10337 | D:12     | Reached skill level 4 in Maces & Flails
 10356 | D:12     | Noticed a red ugly thing
 10358 | D:12     | HP: 4/83 [centaur/arrow (3)]
 10391 | D:12     | Noticed a purple ugly thing
 10419 | D:11     | Reached skill level 5 in Maces & Flails
 10498 | D:11     | HP: 4/83 [slime creature (11)]
 10614 | Lair:1   | Entered Level 1 of the Lair of Beasts
 10614 | Lair:1   | Found a gate leading to a gauntlet,
 10709 | Gauntlet | Entered a Gauntlet
 10709 | Gauntlet | Found a transporter,
 10717 | Gauntlet | Found a transporter,
 10719 | Gauntlet | Found a transporter,
 10724 | Gauntlet | Noticed a worldbinder
 10729 | Gauntlet | Found a transporter,
 10730 | Gauntlet | Found a transporter,
 10746 | Gauntlet | Found a transporter,
 10753 | Gauntlet | Found a runed translucent door,
 10754 | Gauntlet | Found a transporter,
 10755 | Gauntlet | Found a runed translucent door,
 10764 | Gauntlet | Found a transporter,
 10774 | Gauntlet | Found a transporter,
 10784 | Gauntlet | Noticed a ghost crab
 10784 | Gauntlet | Noticed a death scarab
 10786 | Gauntlet | Found a transporter,
 10798 | Gauntlet | Noticed a death ooze
 10800 | Gauntlet | Found a transporter,
 10800 | Gauntlet | Noticed a death scarab
 10803 | Gauntlet | Found a transporter,
 10811 | Gauntlet | Found a transporter,
 10811 | Gauntlet | Found a transporter,
 10942 | Gauntlet | Got a pair of ancient gloves
 10974 | Gauntlet | Reached skill level 6 in Maces & Flails
 10974 | Gauntlet | Reached XP level 12. HP: 49/89 MP: 19/19
 11010 | Gauntlet | Identified the ring of Dofolab {+Inv rElec rF- rCorr
                  | Slay+4} (You acquired it in a Gauntlet)
 11019 | Gauntlet | Noticed a minotaur
 11037 | Gauntlet | Killed a minotaur
 11052 | Gauntlet | Identified the Papyrus of Fiery Sinister Secrets
 11052 | Gauntlet | Identified Sif Muna's Guide on Unstable Boosts
 11053 | Gauntlet | Found the ring of Robustness {AC+8}
 11138 | Gauntlet | Identified the +1 pair of gloves of the Elephant {rElec}
                  | (You found it in a Gauntlet)
 11269 | Lair:1   | Noticed a four-headed hydra
 11283 | Lair:1   | Killed a four-headed hydra
 11283 | Lair:1   | Reached skill level 7 in Maces & Flails
 11459 | Lair:1   | Reached skill level 8 in Maces & Flails
 11480 | Lair:1   | Noticed a seven-headed hydra
 11486 | Lair:1   | Killed a seven-headed hydra
 12217 | Lair:2   | Reached skill level 9 in Maces & Flails
 12493 | Lair:2   | Noticed a death yak
 12493 | Lair:2   | Noticed a death yak
 12495 | Lair:2   | Noticed a death yak
 12495 | Lair:2   | Noticed a death yak
 12524 | Lair:2   | Pacified a death yak
 12527 | Lair:2   | Killed a death yak
 12529 | Lair:2   | Pacified a death yak
 12538 | Lair:2   | Killed a death yak
 12540 | Lair:2   | Killed a death yak
 12545 | Lair:2   | Reached XP level 13. HP: 91/95 MP: 5/20
 12562 | Lair:2   | Reached skill level 10 in Maces & Flails
 12562 | Lair:2   | Reached skill level 10 in Armour
 12941 | Lair:3   | Found a staircase to the Snake Pit,
 13113 | Lair:3   | Reached skill level 11 in Maces & Flails
 13234 | Lair:3   | Noticed a six-headed hydra
 13241 | Lair:3   | Killed a six-headed hydra
 13274 | Lair:3   | Found a staircase to the Shoals,
 13812 | Lair:4   | Noticed a six-headed hydra
 13820 | Lair:4   | Killed a six-headed hydra
 14716 | Lair:5   | Noticed a six-headed hydra
 14735 | Lair:5   | Killed a six-headed hydra
 14884 | Lair:5   | Reached skill level 12 in Maces & Flails
 15066 | Lair:5   | Got an ichor-stained mace
 15068 | Lair:5   | Identified the +10 mace of Moderation {speed, Str+2} (You
                  | found it on level 5 of the Lair of Beasts)
 15085 | Lair:5   | Got a crude hand axe
 15087 | Lair:5   | Identified the +8 hand axe of Defenestration {venom, rElec
                  | Int+3} (You found it on level 5 of the Lair of Beasts)
 15382 | Lair:6   | Entered Level 6 of the Lair of Beasts
 15409 | Lair:6   | Got a pair of dazzling boots
 15462 | Lair:6   | Identified the cursed +0 pair of boots "Nydaol" {-Cast
                  | MR+++ rCorr Str-5} (You found it on level 6 of the Lair of
                  | Beasts)
 15570 | Lair:6   | Noticed a four-headed hydra
 15577 | Lair:6   | Killed a four-headed hydra
 15632 | Lair:6   | Reached XP level 14. HP: 99/101 MP: 21/21
 15676 | Lair:6   | Found a staircase to the Slime Pits,
 15897 | Lair:6   | Reached skill level 13 in Maces & Flails
 16466 | Lair:6   | Found a burning altar of Makhleb,
 16507 | Lair:6   | Found a gateway to Hell,
 16686 | Lair:1   | Upgraded the game from 0.25-a0-690-g234afa57d4 to
                  | 0.25-a0-697-g890751e744
 17093 | D:12     | Found a staircase to the Orcish Mines,
 17430 | Orc:1    | Entered Level 1 of the Orcish Mines
 17431 | Orc:1    | Noticed Erica
 17437 | Orc:1    | Killed Erica
 17437 | Orc:1    | Reached skill level 14 in Maces & Flails
 17438 | Orc:1    | Noticed an orc warlord
 17485 | Orc:1    | Killed an orc warlord
 18060 | Orc:2    | Entered Level 2 of the Orcish Mines
 18062 | Orc:2    | Found a staircase to the Elven Halls,
 18278 | Orc:2    | Noticed an orc warlord
 18308 | Orc:2    | Killed an orc warlord
 18324 | Orc:2    | Reached skill level 10 in Dodging
 18327 | Orc:2    | Reached XP level 15. HP: 36/108 MP: 8/22
 18867 | Orc:2    | Noticed an orc warlord
 18918 | Orc:2    | Killed an orc warlord
 18963 | Orc:2    | Found a roughly hewn altar of Beogh,
 19080 | Orc:2    | Found Alutifuh's Antique Armour Emporium,
 19089 | Orc:2    | Found Ocrakica's Antique Weapon Emporium,
 19128 | Orc:2    | Bought a slimy great mace for 299 gold pieces
 19149 | Orc:2    | Identified the +10 great mace of Instant Death {protect,
                  | rN+} (You bought it in a shop on level 2 of the Orcish
                  | Mines)
 19201 | Orc:2    | Found a roughly hewn altar of Beogh,
 19246 | Orc:2    | Noticed an orc warlord
 19260 | Orc:2    | Killed an orc warlord
 19320 | Orc:2    | Found Toizosug's Jewellery Emporium,
 19326 | Orc:2    | Bought a cursed amulet of inaccuracy for 34 gold pieces
 19335 | Orc:2    | Found Hexkal's General Store,
 19342 | Orc:2    | Bought a cursed ring of teleportation for 54 gold pieces
 19347 | Orc:2    | Bought a scroll of identify for 24 gold pieces
 19347 | Orc:2    | Bought a potion of brilliance for 48 gold pieces
 19363 | Orc:2    | Bought an eveningstar for 390 gold pieces
 19380 | Orc:2    | Bought a jewelled troll leather armour for 620 gold pieces
 19380 | Orc:2    | Identified the cursed +1 troll leather armour of the
                  | Shining Light {rPois rC++ Regen+ Slay-2} (You bought it in
                  | a shop on level 2 of the Orcish Mines)
 19694 | Snake:1  | Entered Level 1 of the Snake Pit
 19858 | Snake:1  | Noticed Aizul
 19859 | Snake:1  | Noticed Rupert
 19938 | Lair:3   | Killed Aizul
 20209 | D:13     | Found the amulet of the Four Winds {rN+ MR+++ Clar}
 20694 | D:13     | Reached skill level 15 in Maces & Flails
 20695 | D:13     | Noticed Frances
 20711 | D:13     | Killed Frances
 20711 | D:13     | Reached XP level 16. HP: 68/120 MP: 23/23
 21343 | D:14     | Found a basalt altar of Yredelemnul,
 21472 | D:14     | Learned a level 1 spell: Apportation
 21476 | D:14     | Learned a level 3 spell: Portal Projectile
 21478 | D:14     | Learned a level 1 spell: Summon Butterflies
 21530 | D:14     | Found a gate to the Vaults,
 21801 | D:15     | Entered Level 15 of the Dungeon
 21829 | D:14     | Reached skill level 16 in Maces & Flails
 22115 | D:15     | Found a staircase to the Depths,
 22736 | D:15     | Reached skill level 17 in Maces & Flails
 22787 | Depths:1 | Entered Level 1 of the Depths
 22996 | Shoals:1 | Entered Level 1 of the Shoals
 23371 | Shoals:1 | Found Cugefup's Jewellery Emporium,
 23409 | Shoals:1 | Noticed Nikola
 23455 | Shoals:1 | Killed Nikola
 23796 | Shoals:1 | HP: 2/120 [merfolk javelineer/silver javelin (22)]
 23933 | Snake:1  | Killed Rupert
 23933 | Snake:1  | Reached XP level 17. HP: 125/125 MP: 21/24
 24008 | Snake:1  | Reached skill level 18 in Maces & Flails
 24126 | Snake:1  | Identified Roxanne's Incunabulum of Transmutation
 24126 | Snake:1  | Noticed Roxanne
 24269 | Snake:1  | Killed Roxanne
 24513 | Snake:1  | Found Jefegah's Distillery,
 24541 | Snake:1  | Bought a potion of curing for 51 gold pieces
 24541 | Snake:1  | Bought a potion of curing for 51 gold pieces
 24541 | Snake:1  | Bought a potion of heal wounds for 85 gold pieces
 24541 | Snake:1  | Bought a potion of curing for 51 gold pieces
 24541 | Snake:1  | Bought a potion of haste for 170 gold pieces
 24541 | Snake:1  | Bought 2 potions of haste for 340 gold pieces
 24541 | Snake:1  | Bought a potion of cancellation for 136 gold pieces
 24541 | Snake:1  | Bought a potion of mutation for 136 gold pieces
 24541 | Snake:1  | Bought a potion of mutation for 136 gold pieces
 24541 | Snake:1  | Bought a potion of might for 68 gold pieces
 24886 | Snake:2  | Identified Wavimum's Compendium of Protection and Sinister
                  | Secrets
 24950 | Snake:2  | Reached skill level 19 in Maces & Flails
 25475 | Snake:2  | Found Orcheles's Book Emporium,
 26086 | Snake:3  | Reached skill level 20 in Maces & Flails
 26227 | Snake:3  | Found Rakkus's Food Shop,
 26227 | Snake:3  | Found Kaikuoj's General Store,
 26228 | Snake:3  | Found Huotimodyt's Gadget Shop,
 26230 | Snake:3  | Found Kecsiaso's Gadget Boutique,
 26667 | Snake:3  | Found a runed translucent door,
 26671 | Snake:3  | Found a shimmering altar of Xom,
 26671 | Snake:3  | Noticed Miuwk's ghost (adept MfIE)
 26676 | Snake:3  | Reached XP level 18. HP: 129/133 MP: 25/25
 26696 | Snake:3  | Killed Miuwk's ghost
 26970 | Snake:4  | Entered Level 4 of the Snake Pit
 26987 | Snake:4  | Reached skill level 10 in Fighting
 27103 | Snake:4  | Found Ehinwot's Gadget Emporium,
 28546 | Snake:4  | Reached XP level 19. HP: 138/152 MP: 26/26
 28594 | Snake:4  | Got a serpentine rune of Zot
 29020 | Elf:1    | Entered Level 1 of the Elven Halls
 29112 | Elf:1    | Found Zairphefo's Antique Armour Emporium,
 29233 | Elf:1    | Noticed Donald
 29243 | Elf:1    | Killed Donald
 29410 | Elf:1    | Reached skill level 15 in Fighting
 29417 | Elf:1    | Identified the Collected Works on Combat Magic and
                  | Companions
 29470 | Elf:1    | Noticed Azrael
 29482 | Elf:1    | Killed Azrael
 29879 | Elf:2    | HP: 2/155 [something/exploding inner flame[the player
                  | character] (17)]
 29879 | Elf:2    | Engulfed by a cloud of flame

Levels and vault maps discovered:
D:1:      scummos_arrival_simple_fountains, layout_loops_ring,
          minmay_misc_feat_tower
D:2:      layout_loops_ring, nicolae_gozag_zags_fifth_avenue,
          makhleb_altar_promises_db, first_ration,
          chequers_ecumenical_altar_island, grunt_ministairs_10
D:3:      layout_basic, lemuel_coloured_pillars_altar, trog_wizard
D:4:      cheibrodos_quashed, layout_basic, temple_statues, uniq_edmund,
          uniq_menkaure
D:5:      layout_rooms, marbit_many_paths, uniq_crazy_yiuf_cottage
D:6:      layout_cave_pools
D:7:      layout_rooms, overflow_temple_1_default, serial_shops, shop,
          nicolae_shop_temple_entry_statues_fountains, serial_undead,
          serial_undead_a, serial_undead_e, serial_undead_d, serial_undead_d
D:8:      layout_loops_ring, lemuel_round_altar, serial_shops, shop, uniq_grum
D:9:      layout_big_octagon, grunt_qazlal_clouds, vehumet_altar_wand_db,
          dpeg_oklobed_lair
D:10:     layout_stronghold
D:11:     layout_long_grid, serial_shops, nicolae_shop_statue_plus
D:12:     layout_cave_pools, orc_0_dummy, hangedman_little_slice_of_home
D:13:     layout_loops_ring, special_room [special_room_orc], uniq_frances
D:14:     layout_loops_ring, david_vaults_5, infiniplex_staircase_9_rooms,
          basic_altar
D:15:     gammafunk_depths_entry_grave, layout_long_grid, serial_park_tiny_2
Temple:   minmay_temple_curvy_branch
Lair:1:   layout_layer_cave, gauntlet_entry_generic
Lair:2:   layout_gridlike
Lair:3:   layout_regular_city, minmay_shoals_entry_hut,
          guppyfry_snake_entry_island, grunt_forest_small_clearings
Lair:4:   layout_cave_pods
Lair:5:   minmay_lair_venomous_thicket, layout_concentric_octagons,
          minmay_lindwurm_lava
Lair:6:   evil_forest, layout_small_grid, nicolae_slime_entry_slimehenge
Shoals:1: layout_shoals, serial_shops, nicolae_shop_statue_plus, uniq_nikola
Shoals:2: layout_shoals, serial_shops, shop, lemuel_altar_in_water
Snake:1:  layout_basic, serial_shops, nicolae_shop_trees, serial_bayou_pond_e,
          uniq_rupert, uniq_aizul, uniq_roxanne
Snake:2:  layout_basic, serial_shops, shop
Snake:3:  layout_layer_cave, ebering_ghost_xom, abandoned_shop,
          minmay_shoptagon, serial_bayou_shore_a, grunt_megastairs_4
Snake:4:  snake_pit_salamanders_mu, layout_misc_corridors, serial_shops, shop,
          drop_trap
Orc:1:    layout_caves, uniq_erica
Orc:2:    grunt_orc_cross, layout_diamond_mine, basic_altar
Elf:1:    layout_gridlike, serial_shops, shop_coins, minmay_elf_sorcery,
          uniq_azrael, uniq_donald
Elf:2:    layout_loops_ring
Depths:1: layout_gridlike, lemuel_statue_altar, grunt_hell_horde, hex_tiny,
          kb_rosetta, firewood_loft, uniq_sojobo, uniq_asterion

Skill      XL: |  1  2  3  4  5  6  7  8  9 10 11 12 13 14 15 16 17 18 19 |
---------------+----------------------------------------------------------+-----
Crossbows      | 2 3 4 5 7 9 10 | 10.0
Fighting       | 4 5 6 7 9 14 15 | 15.0
Armour         | 4 5 9 12 14 | 14.1
Invocations    | 4 7 10 11 | 11.5
Evocations     | 3 4 |  4.1
Dodging        | 5 10 13 | 13.3
Maces & Flails | 6 9 12 14 15 17 20 | 20.0
Stealth        | |  1.0
Shields        | |  1.0
Spellcasting   | |  2.0
Transmutations | |  1.0

Action                   |  1- 3 |  4- 6 |  7- 9 | 10-12 | 13-15 | 16-18 | 19-21 || total
-------------------------+-------+-------+-------+-------+-------+-------+-------++-------
Melee: Dagger            |    35 |    27 |       |       |       |       |       ||    62
       Whip              |       |    36 |   290 |   243 |       |       |       ||   569
       Dire flail        |       |       |       |   271 |   180 |       |       ||   451
       Mace              |       |       |       |       |   851 |       |       ||   851
       Great mace        |       |       |       |       |   258 |   993 |   182 ||  1433
       Hand crossbow     |       |       |       |       |       |     7 |       ||     7
 Fire: Shortbow          |    67 |       |       |       |       |       |       ||    67
       Hand crossbow     |    21 |    74 |   114 |   247 |   105 |   229 |     8 ||   798
Throw: Dart              |       |       |     3 |    11 |    16 |       |       ||    30
       Throwing net      |       |       |       |       |       |     6 |       ||     6
Invok: Lesser Healing    |       |       |    28 |    83 |    90 |   115 |    24 ||   340
       Heal Other        |       |       |       |    16 |    25 |     4 |       ||    45
       Purification      |       |       |       |     3 |     7 |    11 |       ||    21
       Greater Healing   |       |       |       |     4 |     3 |     1 |       ||     8
Evoke: Wand              |       |       |     6 |    30 |    30 |    10 |     2 ||    78
       Phial of floods   |       |       |       |     1 |       |     1 |       ||     2
       Phantom mirror    |       |       |       |       |     1 |     1 |       ||     2
       Box of beasts     |       |       |       |       |       |     2 |       ||     2
  Use: Scroll            |     3 |     5 |     9 |    11 |    12 |     8 |     7 ||    55
       Potion            |       |       |     3 |     2 |     3 |    10 |       ||    18
 Stab: Distracted        |       |       |       |       |       |     3 |       ||     3
       Held in net/web   |       |       |       |       |       |     1 |       ||     1
       Paralysed         |       |       |       |       |       |     6 |       ||     6
  Eat: Chunk             |     1 |     7 |     8 |    19 |    39 |    17 |     3 ||    94
       Ration            |       |       |     2 |     6 |     5 |    10 |     2 ||    25
Armor: Robe              |     5 |       |       |       |       |       |       ||     5
       Ring mail         |    20 |    31 |   111 |       |       |       |       ||   162
       Skin              |       |       |     6 |     4 |       |       |       ||    10
       Scale mail        |       |       |    70 |   209 |       |       |       ||   279
       Chain mail        |       |       |       |   222 |   575 |   539 |   130 ||  1466
Dodge: Dodged            |    24 |    24 |   199 |   408 |   692 |   726 |   171 ||  2244
       Deflected         |       |       |       |       |    29 |    36 |    11 ||    76

Table legend:
 A = Non-vault XP
 B = Vault XP
 C = Vault XP percentage of total XP
 D = Non-vault monster count
 E = Vault monster count
 F = Vault count percentage of total count
                 A         B        C        D         E       F
            +---------+---------+-------+---------+---------+-------
      Total |  180546 |  111236 |  38.1 |     721 |     248 |  25.6
            +---------+---------+-------+---------+---------+-------
        D:1 |      45 |       0 |   0.0 |      24 |       0 |   0.0
        D:2 |     131 |       6 |   4.4 |      31 |       2 |   6.1
        D:3 |      78 |       0 |   0.0 |      15 |       0 |   0.0
        D:4 |     552 |     334 |  37.7 |      23 |       2 |   8.0
        D:5 |     576 |     152 |  20.9 |      23 |       2 |   8.0
        D:6 |     731 |       0 |   0.0 |      22 |       0 |   0.0
        D:7 |    2240 |     533 |  19.2 |      29 |      10 |  25.6
        D:8 |     639 |     534 |  45.5 |      11 |       4 |  26.7
        D:9 |    2038 |       2 |   0.1 |      21 |       1 |   4.5
       D:10 |     495 |       0 |   0.0 |      10 |       0 |   0.0
       D:11 |    3880 |       0 |   0.0 |      24 |       0 |   0.0
       D:12 |    5654 |     434 |   7.1 |      28 |       9 |  24.3
       D:13 |   11039 |    3563 |  24.4 |      43 |      25 |  36.8
       D:14 |    5979 |    6060 |  50.3 |      15 |      10 |  40.0
       D:15 |   12515 |    4401 |  26.0 |      29 |       8 |  21.6
     Lair:1 |    5842 |       0 |   0.0 |      20 |       0 |   0.0
     Lair:2 |    4654 |       0 |   0.0 |      19 |       0 |   0.0
     Lair:3 |    4843 |    2183 |  31.1 |      18 |       4 |  18.2
     Lair:4 |    1366 |       0 |   0.0 |       4 |       0 |   0.0
     Lair:5 |    3158 |    1846 |  36.9 |      13 |      10 |  43.5
     Lair:6 |    7709 |    7200 |  48.3 |      28 |      28 |  50.0
   Shoals:1 |   10009 |    3394 |  25.3 |      24 |       1 |   4.0
    Snake:1 |   24185 |    4801 |  16.6 |      48 |       2 |   4.0
    Snake:2 |   13433 |       0 |   0.0 |      23 |       0 |   0.0
    Snake:3 |   17382 |    4302 |  19.8 |      30 |       4 |  11.8
    Snake:4 |    9766 |   49645 |  83.6 |      17 |      66 |  79.5
      Orc:1 |    5887 |     934 |  13.7 |      50 |       1 |   2.0
      Orc:2 |    8899 |    7458 |  45.6 |      50 |      35 |  41.2
      Elf:1 |   10632 |   11670 |  52.3 |      19 |      19 |  50.0
      Elf:2 |    5647 |       0 |   0.0 |       9 |       0 |   0.0
   Gauntlet |     542 |    1784 |  76.7 |       1 |       5 |  83.3
            +---------+---------+-------+---------+---------+-------
